 Dungeon Crawl Stone Soup version 0.28-a0-1387-g3a22ab9bdc (webtiles) character file.

Game seed: 4505331837309245409

63366 gimp the Bludgeoner (level 15, 0/98 HPs)
             Began as a Formicid Wanderer on Jan 2, 2022.
             Was an Initiate of Yredelemnul.
             Slain by an orc warlord (16 damage)
             ... on level 11 of the Dungeon on Jan 3, 2022.
             The game lasted 00:52:23 (27831 turns).

gimp the Bludgeoner (Formicid Wanderer)            Turns: 27831, Time: 00:52:23

Health: 0/98       AC: 31    Str: 25    XL:     15   Next: 49%
Magic:  24/24      EV:  7    Int:  8    God:    Yredelemnul [......]
Gold:   2490       SH: 15    Dex: 13    Spells: 14/14 levels left

rFire   + . .      SeeInvis +   b - +4 great mace (protect)
rCold   + . .      Faith    .   m - +2 kite shield {reflect}
rNeg    . . .      Spirit   .   G - +4 plate armour {rF+}
rPois   +          Reflect  +   (helmet unavailable)
rElec   .          Harm     .   q - +0 cloak
rCorr   .          Rampage  .   u - +1 pair of gloves
Will    +....                   v - +1 pair of boots
Stlth   ..........              x - amulet of the acrobat
HPRegen 0.26/turn               e - ring of poison resistance
MPRegen 0.19/turn               L - ring of protection from cold

@: under a protective aura
A: permanent stasis, dig shafts and tunnels, antennae 3, four strong arms
a: Dig, Shaft Self, Renounce Religion, Recall Undead Harvest


You were on level 11 of the Dungeon.
You worshipped Yredelemnul.
Yredelemnul was pleased with you.
You visited 4 branches of the dungeon, and saw 21 of its levels.

You collected 2490 gold pieces.

Inventory:

Hand Weapons
 a - a +0 whip of electrocution
 b - a +4 great mace of protection (weapon)
Missiles
 d - 116 poisoned darts (quivered)
 g - a throwing net
 K - 9 curare-tipped darts
Armour
 m - a +2 kite shield of reflection (worn)
 q - a +0 cloak (worn)
 u - a +1 pair of gloves (worn)
 v - a +1 pair of boots (worn)
 G - a +4 plate armour of fire resistance (worn)
Jewellery
 e - a ring of poison resistance (left hand)
 p - a ring of positive energy
 x - an amulet of the acrobat (around neck)
 y - an amulet of reflection
 F - a ring of fire
 L - a ring of protection from cold (right hand)
Wands
 s - a wand of paralysis (5)
 t - a wand of mindburst (7)
 z - a wand of polymorph (8)
 D - a wand of acid (4)
 H - a wand of flame (33)
Scrolls
 h - a scroll of enchant weapon
 j - 3 scrolls of magic mapping
 n - a scroll of brand weapon
 r - 2 scrolls of fear
 E - a scroll of vulnerability
Potions
 f - 10 potions of curing
 i - 2 potions of cancellation
 k - 5 potions of flight
 l - 5 potions of ambrosia
 o - 2 potions of lignification
 w - a potion of resistance
 A - a potion of might
 B - a potion of heal wounds
 J - 2 potions of brilliance {unknown}
Miscellaneous
 I - a phial of floods
 M - a condenser vane (inert)


   Skills:
 - Level 3.1 Fighting
 + Level 17.3(17.4) Maces & Flails
 - Level 3.0(11.7) Staves
 - Level 6.0 Throwing
 + Level 8.8 Armour
 - Level 15.0 Shields
 - Level 5.0 Unarmed Combat
 - Level 13.2 Invocations


You had 14 spell levels left.
You didn't know any spells.
Your spell library contained the following spells:

 Spells                   Type           Power      Damage    Failure   Level
 Animate Skeleton         Necr           0%         N/A       99%         1
 Apportation              Tloc           0%         N/A       99%         1
 Beastly Appendage        Tmut           0%         N/A       99%         1
 Magic Dart               Conj           0%         1d3       99%         1
 Summon Small Mammal      Summ           0%         N/A       99%         1
 Corpse Rot               Necr/Air       0%         N/A       100%        2
 Searing Ray              Conj           0%         2d4       100%        2
 Wereblood                Tmut           0%         N/A       100%        2
 Ozocubu's Armour         Ice            0%         N/A       100%        3
 Spider Form              Tmut/Pois      0%         N/A       100%        3
 Tukima's Dance           Hex            0%         N/A       100%        3
 Animate Armour           Summ/Erth      0%         N/A       100%        4
 Dispel Undead            Necr           0%         3d6       100%        4
 Fulminant Prism          Conj/Hex       0%         3d6       100%        4
 Passage of Golubria      Tloc           0%         N/A       100%        4
 Blade Hands              Tmut           0%         N/A       100%        5
 Irradiate                Conj/Tmut      0%         3d14      100%        5
 Yara's Violent Unravell  Hex/Tmut       0%         3d3       100%        5
 Iron Shot                Conj/Erth      0%         9d1       100%        6
 Dragon Form              Tmut           0%         N/A       100%        7
 Ozocubu's Refrigeration  Ice            0%         4d5       100%        7
 Death Channel            Necr           Unusable   N/A       N/A         6

Dungeon Overview and Level Annotations

Branches:
Dungeon (12/15)            Temple (1/1) D:7            Lair (6/6) D:10
  Snake (0/4) Lair:3       Spider (0/4) Lair:4        Slime (0/5) Lair:5
    Orc (2/2) D:11            Elf (0/3) Orc:2

Altars:
Ashenzari
Cheibriados
Dithmenos
Elyvilon
Fedhas
Gozag
Hepliaklqana
Kikubaaqudgha
Makhleb
Nemelex Xobeh
Okawaru
Qazlal
Ru
Sif Muna
Trog
Uskayaw
Vehumet
Wu Jian
Xom
Yredelemnul
Zin
The Shining One

Shops:
D:8 (   D:10 (   Orc:2 (

Annotations:
D:8 2 transporters, Snarg's ghost, novice DgWn


Innate Abilities, Weirdness & Mutations

You cannot be hasted, slowed, berserked, paralysed or teleported.
You can dig through walls and to a lower floor.
You have a pair of large antennae on your head. (SInv)
Your four strong arms can wield two-handed weapons with a shield.


Message History

The bolt of acid misses the orc warlord.
The bolt of acid hits the orc warrior!
The orc warrior is heavily wounded.
You bludgeon the orc warlord!!
Your weapon exudes an aura of protection.
The orc warlord is severely wounded.
You block the orc warlord's attack.
You hit the orc warlord but do no damage.
The orc warlord is severely wounded.
You sock the orc warlord!
The orc warlord is severely wounded.
The orc warlord hits you with a +1 great sword of protection!
* * * LOW HITPOINT WARNING * * *
You take 13 damage, and have 22/98 hp.
You hit the orc warlord but do no damage.
The orc warlord is severely wounded.
You block the orc warlord's attack.
You closely miss the orc warlord.
The orc warlord is severely wounded.
The orc warlord is no longer covered in acid.
You block the orc warlord's attack.
Aiming: Corrosive Bolt
Press: ? - help, Shift-Dir - straight line, f/p - orc warlord
Aim: an orc warlord, wielding a +1 great sword of protection and wearing a +2 plate armour of fire resistance (severely wounded, 83% to hit)
The bolt of acid hits the orc warlord!
The orc warlord is almost dead.
The bolt of acid hits the orc warrior.
The orc warrior is severely wounded.
The orc warlord hits you with a +1 great sword of protection!
* * * LOW HITPOINT WARNING * * *
You take 7 damage, and have 16/98 hp.
Aiming: Corrosive Bolt
Press: ? - help, Shift-Dir - straight line, f/p - orc warlord
Aim: an orc warlord, wielding a +1 great sword of protection and wearing a +2 plate armour of fire resistance (almost dead, 83% to hit)
The bolt of acid hits the orc warlord!
The acid corrodes the orc warlord!
The orc warlord is almost dead.
The bolt of acid misses the orc warrior.
The orc warlord hits you with a +1 great sword of protection!
You die...
Your body rises from the dead as a mindless zombie.

#..# #..## ### #####)##
##.<# ###.. #......# ##.#
#.'.. #......# ##.######
###.#[. #......#
#.......###...#[[ # #......#
#.......##..###..
###......### #.......##.##
#..
.......>...######.......##.#
#.>
###......#....oo@.......#..#
#..
#......########.........##
#.. #......# #.......### #..
####o### #.......# #.. #.#
###.##### ### #.### ####..#
# #...# #....## #####
########'### ##o##########
#.... #........o.#
#...........# #....


You could see an orc warlord (corroded) and an orc warrior (strong).

Vanquished Creatures
  Gastronok (Lair:1)
  Donald (Orc:2)
  3 hydras
  A catoblepas (Lair:6)
  2 death yaks (Lair:6)
  2 two-headed ogres (D:9)
  2 orc high priests (Orc:2)
  Sonja (Lair:6)
  A spriggan rider (Lair:3)
  An orc knight (Orc:2)
  2 manticores
  3 orc sorcerers
  2 black mambas (Lair:1)
  16 elephants
  7 cane toads
  2 unseen horrors
  3 rime drakes
  3 kobold demonologists (D:10)
  5 komodo dragons
  7 trolls
  A queen bee (Lair:5)
  3 meliai (Lair:5)
  Prince Ribbit (D:8)
  2 slime creatures (D:11)
  2 hornets (Lair:3)
  Grinder (D:6)
  6 blink frogs
  8 spriggans (Lair:3)
  Sigmund (D:6)
  A shadow (D:9)
  3 wyverns
  4 wraiths
  42 yaks
  2 steam dragons
  3 vampire mosquitoes (D:8)
  2 wargs
  3 nagas (Lair:3)
  2 acid dragons
  17 water moccasins
  2 black bears
  10 orc warriors
  An ice beast (D:5)
  2 boggarts (Lair:3)
  3 centaurs
  5 ogres
  9 wolves
  A kobold brigand (D:7)
  6 scorpions
  13 bullfrogs
  A gnoll sergeant (D:6)
  A water moccasin skeleton (D:5)
  11 killer bees (Lair:5)
  4 wights (D:8)
  4 howler monkeys
  An electric eel (Lair:2)
  2 bullfrog zombies
  2 centaur zombies
  5 hounds
  13 orc priests
  2 centaur skeletons
  4 jellies
  An iguana (D:4)
  20 orc wizards
  A hound skeleton (D:5)
  10 gnolls
  9 adders
  A shadow imp (D:5)
  A white imp (D:7)
  An adder skeleton (D:4)
  An adder zombie (D:5)
  3 dart slugs
  38 orcs
  7 endoplasms
  2 giant cockroaches
  3 goblins
  7 hobgoblins
  3 jackals (D:5)
  15 kobolds
  2 quokkas
  6 ball pythons
  3 bats
  3 frilled lizards
  2 rats (D:1)
410 creatures vanquished.

Vanquished Creatures (collateral kills)
  Josephine (Orc:2)
  A hydra (Lair:6)
  2 catoblepae (Lair:6)
  A two-headed ogre (Orc:2)
  4 death yaks (Lair:6)
  An orc high priest (Orc:2)
  2 manticores (Lair:6)
  2 elephants
  A black mamba (Lair:3)
  2 cane toads
  Maggie (D:8)
  2 komodo dragons
  8 blink frogs
  A slime creature (D:11)
  3 spriggans (Lair:3)
  24 yaks
  A vampire (D:10)
  3 vampire mosquitoes
  2 hell hounds (D:11)
  5 water moccasins
  4 orc warriors
  An ice beast (D:8)
  A black bear (D:10)
  3 wolves (Lair:4)
  A boggart (Lair:3)
  3 bullfrogs
  3 killer bees (Lair:5)
  An electric eel (Lair:2)
  2 howler monkeys (D:10)
  3 orc priests
  3 centaur zombies
  A hound (D:7)
  A jelly (Lair:5)
  4 orc wizards
  9 orcs
  2 kobolds (D:10)
109 creatures vanquished.

Vanquished Creatures (others)
  A catoblepas zombie (Lair:6)
  A hydra zombie (Lair:4)
  A meliai zombie (Lair:5)
  A two-headed ogre zombie (Orc:2)
  4 elephant zombies
  4 blink frog zombies
  A vampire mosquito zombie (D:11)
  A rime drake zombie (Lair:5)
  5 water moccasin zombies
  A queen bee zombie (Lair:5)
  15 yak zombies
  A troll zombie (D:11)
  2 spriggan zombies (Lair:3)
  A wolf zombie (Lair:4)
  A bullfrog zombie (Lair:3)
  2 spectral boggarts (Lair:3)
  An orc wizard (Orc:2)
  5 killer bee zombies (Lair:5)
  An ogre zombie (Orc:2)
  A spectral jelly (Lair:5)
  27 orc zombies
  3 kobold zombies
  A bush (Lair:4)
  71 fungi
  103 plants
255 creatures vanquished.

Grand Total: 774 creatures vanquished

Notes
Turn   | Place    | Note
-------+----------+-------------------------------------------
     0 | D:1      | gimp the Formicid Wanderer began the quest for the Orb.
     0 | D:1      | gimp set off with the following items: a +0 quarterstaff, a
                  | scroll of summoning, a potion of heal wounds, 12 poisoned
                  | darts, a +0 dagger, a +0 leather armour
     0 | D:1      | Reached XP level 1. HP: 13/13 MP: 1/1
    21 | D:1      | Reached skill level 1 in Fighting
   121 | D:1      | Reached XP level 2. HP: 22/22 MP: 2/2
   670 | D:1      | Reached skill level 1 in Maces & Flails
   670 | D:1      | Reached XP level 3. HP: 25/27 MP: 3/3
  1733 | D:2      | Found a faded altar of an unknown god.
  2135 | D:2      | Reached skill level 2 in Maces & Flails
  2135 | D:2      | Reached XP level 4. HP: 34/34 MP: 4/4
  2994 | D:4      | Reached skill level 3 in Maces & Flails
  2994 | D:4      | Reached XP level 5. HP: 8/41 MP: 5/5
  3275 | D:4      | Found a broken altar of Ashenzari.
  3276 | D:4      | Noticed an ogre
  3375 | D:4      | Noticed a black bear
  3397 | D:4      | Killed a black bear
  3398 | D:4      | Reached skill level 4 in Maces & Flails
  3398 | D:4      | Reached XP level 6. HP: 29/47 MP: 6/6
  4384 | D:4      | Killed an ogre
  4385 | D:4      | Reached skill level 5 in Maces & Flails
  4385 | D:4      | Reached XP level 7. HP: 28/52 MP: 7/7
  4717 | D:5      | Entered Level 5 of the Dungeon
  5488 | D:5      | Reached skill level 6 in Maces & Flails
  5818 | D:5      | Reached XP level 8. HP: 58/58 MP: 8/8
  6299 | D:6      | Noticed Sigmund
  6304 | D:6      | Reached skill level 7 in Maces & Flails
  6462 | D:6      | Noticed Grinder
  6479 | D:6      | Killed Grinder
  6480 | D:6      | Reached XP level 9. HP: 60/63 MP: 9/9
  6524 | D:6      | Reached skill level 5 in Throwing
  6726 | D:6      | Reached skill level 8 in Maces & Flails
  7220 | D:6      | Killed Sigmund
  7221 | D:6      | Reached skill level 5 in Armour
  7508 | D:7      | Found a staircase to the Ecumenical Temple.
  7595 | Temple   | Entered the Ecumenical Temple
  7826 | Temple   | Became a worshipper of Yredelemnul the Dark
  7983 | D:7      | Reached * piety under Yredelemnul
  8157 | D:7      | Identified the ring of Pew Des {Fire Contam SInv Stlth+}
  8179 | D:7      | Reached ** piety under Yredelemnul
  8179 | D:7      | Reached skill level 1 in Shields
  8808 | D:8      | Found Yrofijong's Antique Weapon Emporium.
  8821 | D:8      | Noticed Maggie
  8834 | D:8      | Killed Maggie
  8835 | D:8      | Reached skill level 9 in Maces & Flails
  9069 | D:8      | Reached XP level 10. HP: 60/66 MP: 10/10
  9128 | D:8      | Found a transporter.
  9128 | D:8      | Found a transporter.
  9131 | D:8      | Noticed a moth of wrath
  9144 | D:8      | Noticed Snarg's ghost (novice DgWn)
  9144 | D:8      | Noticed a two-headed ogre
  9147 | D:8      | Found a bloodstained altar of Trog.
  9399 | D:8      | Reached skill level 10 in Maces & Flails
  9698 | D:8      | Reached *** piety under Yredelemnul
  9752 | D:8      | Noticed Prince Ribbit
  9768 | D:8      | Killed Prince Ribbit
  9769 | D:8      | Reached skill level 5 in Shields
  9769 | D:8      | Reached skill level 1 in Invocations
  9779 | D:8      | Reached **** piety under Yredelemnul
 10393 | D:9      | Noticed a two-headed ogre
 10430 | D:9      | Killed a two-headed ogre
 10431 | D:9      | Reached skill level 11 in Maces & Flails
 10672 | D:9      | Noticed a two-headed ogre
 10734 | D:9      | Killed a two-headed ogre
 10735 | D:9      | Reached XP level 11. HP: 35/75 MP: 13/13
 10958 | D:9      | Identified a scroll of acquirement
 10958 | D:9      | Acquired a +3 great mace of protection
 11298 | D:10     | Entered Level 10 of the Dungeon
 11300 | D:10     | Found Jougon's Weapon Boutique.
 11450 | D:10     | Reached skill level 12 in Maces & Flails
 11520 | D:10     | Reached skill level 5 in Invocations
 11598 | D:10     | Found a staircase to the Lair.
 11733 | D:10     | Reached ***** piety under Yredelemnul
 11743 | D:10     | Noticed a sun demon
 13047 | D:11     | Found a staircase to the Orcish Mines.
 13062 | D:11     | Reached skill level 13 in Maces & Flails
 13177 | D:11     | Reached XP level 12. HP: 57/81 MP: 15/17
 14239 | Lair:1   | Entered Level 1 of the Lair of Beasts
 14257 | Lair:1   | Noticed a four-headed hydra
 14266 | Lair:1   | Killed a four-headed hydra
 14558 | Lair:1   | Identified the +4 ring mail "Bufiav" {Rampage rF+ Str-2}
 14581 | Lair:1   | You fall into a shaft and drop 1 floor!
 14634 | Lair:1   | Noticed Gastronok
 14647 | Lair:1   | Killed Gastronok
 14648 | Lair:1   | Reached skill level 14 in Maces & Flails
 15087 | Lair:1   | Reached skill level 10 in Shields
 16880 | Lair:3   | Found a staircase to the Snake Pit.
 17230 | Lair:3   | Reached XP level 13. HP: 63/86 MP: 20/20
 17675 | Lair:3   | Reached skill level 10 in Invocations
 18470 | Lair:3   | Reached skill level 15 in Maces & Flails
 18516 | Lair:3   | Noticed a four-headed hydra
 19221 | Lair:4   | Noticed a four-headed hydra
 19234 | Lair:4   | Killed a four-headed hydra
 19730 | Lair:4   | Reached ****** piety under Yredelemnul
 19753 | Lair:4   | Found a hole to the Spider Nest.
 19946 | Lair:4   | Reached XP level 14. HP: 51/93 MP: 22/22
 21815 | Lair:5   | Found a glowing golden altar of the Shining One.
 21923 | Lair:5   | Reached skill level 16 in Maces & Flails
 22279 | Lair:5   | Found a staircase to the Slime Pits.
 22883 | Lair:5   | Acquired 681 gold pieces
 22936 | Lair:6   | Entered Level 6 of the Lair of Beasts
 23345 | Lair:6   | Noticed Sonja
 23369 | Lair:6   | Killed Sonja
 23720 | Lair:6   | Reached XP level 15. HP: 66/98 MP: 24/24
 25133 | Orc:1    | Entered Level 1 of the Orcish Mines
 25533 | Orc:1    | Reached skill level 15 in Shields
 25922 | Orc:2    | Entered Level 2 of the Orcish Mines
 26148 | Orc:2    | Found a staircase to the Elven Halls.
 26178 | Orc:2    | Noticed Josephine
 26188 | Orc:2    | Killed Josephine
 26197 | Orc:2    | Reached skill level 17 in Maces & Flails
 26378 | Orc:2    | Noticed Donald
 26404 | Orc:2    | Killed Donald
 27541 | Orc:2    | Found Gani Aha's Antique Weapon Shop.
 27541 | Orc:2    | Noticed an orc warlord
 27831 | D:11     | Slain by an orc warlord

Illustrated notes

Levels and vault maps discovered:
D:1:      eino_arrival_druids_welcome, layout_basic, serial_forest,
          infiniplex_forest_clump_cross, infiniplex_forest_straight_2,
          infiniplex_forest_end_1, infiniplex_forest_clump_curved,
          infiniplex_forest_clump_cross, infiniplex_forest_straight_2
D:2:      layout_basic, hellmonk_ecumenical_altar_inner_sanctum
D:3:      layout_rooms, corexii_hall_statues_l, minivault_24
D:4:      layout_loops_cross, nicolae_ashenzari_panopticon
D:5:      layout_loops_corners, kennysheep_crisscross, grunt_decor_arrowhead,
          minmay_misc_feat_square, kennysheep_pointless_box
D:6:      layout_basic, minmay_misc_feat_tower, uniq_grinder, uniq_sigmund
D:7:      layout_loops_corners, minmay_temple_entry_trees
D:8:      layout_basic, gammafunk_ghost_wrathful_warriors, serial_shops, shop,
          uniq_maggie, uniq_prince_ribbit1
D:9:      hellmonk_destroyed_diamonds, layout_irregular_city
D:10:     layout_basic, due_lair_maze_entry_diamond, serial_shops,
          nicolae_shop_advertising_works [nicolae_subvault_shop_adworks]
D:11:     layout_roguey, david_orc_3, minmay_rotating_lava
D:12:     layout_gridville, minmay_misc_feat_four_crosses, minmay_diamond_spiral
Temple:   mainiacjoe_temple_starburst
Lair:1:   layout_gridlike, serial_bayou_pond_b, infiniplex_staircase_pool,
          uniq_gastronok
Lair:2:   layout_cave_pods, serial_rivers, chequers_serial_rivers_micro_a,
          chequers_serial_rivers_micro_c, chequers_serial_rivers_small_3,
          chequers_serial_rivers_micro_e, chequers_serial_rivers_micro_e,
          chequers_serial_rivers_micro_b, serial_bayou_shore_a
Lair:3:   kb_forest_paths, layout_cave_pods, minmay_snake_entry_guardpost_small
Lair:4:   layout_roguey, dummy_spider_entry
Lair:5:   layout_cave_pods, nicolae_slime_entry_slimehenge, special_room
          [special_room_bee], basic_altar, hibernation_bobbens
Lair:6:   evilmike_catoblepas_cave, layout_hall_layers, lemuel_fruit_tree,
          uniq_sonja
Orc:1:    layout_caves
Orc:2:    st_orc_congregation, layout_caves, serial_shops, shop, uniq_donald,
          uniq_josephine

Skill      XL: |  1  2  3  4  5  6  7  8  9 10 11 12 13 14 15 |
---------------+----------------------------------------------+-----
Fighting       | 1 2 3 |  3.1
Maces & Flails | 1 2 3 4 5 6 7 9 11 13 14 15 16 17 | 17.3
Throwing       | 2 3 4 6 |  6.0
Armour         | 2 4 5 6 8 |  8.8
Shields        | 2 6 8 10 12 14 15 | 15.0
Invocations    | 3 6 9 11 13 | 13.2
Staves         | |  3.0
Unarmed Combat | |  5.0

Action                   |  1- 3 |  4- 6 |  7- 9 | 10-12 | 13-15 || total
-------------------------+-------+-------+-------+-------+-------++-------
Melee: Quarterstaff      |    77 |    60 |       |       |       ||   137
       Punch             |     1 |     4 |     5 |       |       ||    10
       Flail             |       |    40 |    78 |       |       ||   118
       Whip              |       |       |   309 |   342 |       ||   651
       Great mace        |       |       |       |   145 |   917 ||  1062
Throw: Dart              |       |    18 |       |    10 |       ||    28
Invok: Dark Bargain      |       |       |       |     3 |     6 ||     9
       Recall Undead Har |       |       |       |       |     1 ||     1
 Abil: Dig               |       |     2 |     1 |     1 |     7 ||    11
Evoke: Wand              |       |       |     2 |     8 |    20 ||    30
       Condenser vane    |       |       |       |       |     1 ||     1
  Use: Potion            |       |     1 |       |       |     3 ||     4
       Scroll            |       |       |    10 |    11 |     2 ||    23
 Stab: Sleeping          |     1 |       |       |       |       ||     1
       Distracted        |       |       |       |     3 |    12 ||    15
       Petrified         |       |       |       |       |    10 ||    10
       Invisible         |       |       |       |       |     3 ||     3
Armor: Leather armour    |    10 |       |       |       |       ||    10
       Ring mail         |    15 |    15 |       |       |       ||    30
       Scale mail        |       |    35 |       |       |       ||    35
       Plate armour      |       |     2 |   192 |   167 |   449 ||   810
Dodge: Dodged            |    46 |    79 |   127 |   110 |   286 ||   648
Block: Kite shield       |       |       |    32 |   244 |   693 ||   969
       Reflection        |       |       |       |    13 |     9 ||    22

Table legend: (Time is in decaauts)
 A = Elapsed time spent in this place.
 B = Non-inter-level travel time spent in this place.
 C = Inter-level travel time spent in this place.
 D = Time resting spent in this place.
 E = Time spent auto-exploring this place.
 F = Levels seen in this place.
 G = Mean time per level.
                   A        B        C        D        E       F      G
               +--------+--------+--------+--------+--------+-----+--------+
         Total |  27613 |  26584 |   1029 |   3296 |  18345 |  21 | 1314.9 |
       Dungeon |  14733 |  14074 |    659 |   1790 |   9728 |  12 | 1227.8 |
        Temple |    285 |    232 |     53 |      0 |    176 |   1 |  285.0 |
          Lair |  10474 |  10200 |    274 |    769 |   7593 |   6 | 1745.7 |
  Orcish Mines |   2119 |   2077 |     42 |    737 |    848 |   2 | 1059.5 |
               +--------+--------+--------+--------+--------+-----+--------+

Top non-repeatable levels by time:
  Lair:3: 2525 daAuts
    D:11: 2382 daAuts
  Lair:5: 2089 daAuts
     D:4: 1861 daAuts
  Lair:2: 1701 daAuts
  Lair:6: 1631 daAuts
  Lair:4: 1464 daAuts
     D:5: 1402 daAuts
     D:8: 1385 daAuts
   Orc:1: 1266 daAuts
    D:10: 1206 daAuts
     D:1: 1168 daAuts
     D:2: 1162 daAuts
     D:9: 1091 daAuts
     D:6: 1090 daAuts
